 Dungeon Crawl Stone Soup version 0.28-a0-664-gc179e30c89 (webtiles) character file.

Game seed: 13505102594185802508

593 bande the Blocker (level 7, -3/43 HPs)
             Began as a Gargoyle Fighter on Oct 16, 2021.
             Slain by an orc priest (5 damage)
             ... on level 6 of the Dungeon.
             The game lasted 00:05:44 (2584 turns).

bande the Blocker (Gargoyle Fighter)                Turns: 2584, Time: 00:05:45

Health: -3/43      AC: 15    Str: 21    XL:     7   Next: 39%
Magic:  7/7        EV:  9    Int:  8    God:
Gold:   83         SH:  6    Dex: 10    Spells: 6/6 levels left

rFire   . . .      SeeInvis .   a - +0 war axe
rCold   . . .      Faith    .   c - +0 buckler
rNeg    + . .      Spirit   .   b - +0 scale mail
rPois   ∞          Reflect  .   (no helmet)
rElec   +          Harm     .   (no cloak)
rCorr   .          Rampage  .   (no gloves)
Will    +....                   e - +2 pair of boots
Stlth   ..........              (no amulet)
HPRegen 0.14/turn               f - ring of willpower
MPRegen 0.10/turn               (no ring)

@: no status effects
A: sickness immunity, AC +4, negative energy resistance 1, electricity
resistance, torment resistance 1, petrification resistance
a: no special abilities


You were on level 6 of the Dungeon.
You visited 1 branch of the dungeon, and saw 4 of its levels.

You collected 83 gold pieces.

Inventory:

Hand Weapons
 a - a +0 war axe (weapon)
Armour
 b - a +0 scale mail (worn)
 c - a +0 buckler (worn)
 e - a +2 pair of boots (worn)
Jewellery
 f - a ring of willpower (left hand)
Scrolls
 j - a scroll of amnesia {unknown}
Potions
 d - a potion of might


   Skills:
 + Level 4.1 Fighting
 + Level 9.5 Axes
 + Level 4.3 Armour
 + Level 10.5 Shields


You had 6 spell levels left.
You didn't know any spells.
Your spell library contained the following spells:

 Spells                   Type           Power      Damage    Failure   Level
 Slow                     Hex            0%         N/A       86%         2
 Confusing Touch          Hex            0%         N/A       98%         3
 Yara's Violent Unravell  Hex/Tmut       0%         3d3       100%        5


Dungeon Overview and Level Annotations

Branches:
Dungeon (3/15)

Altars:
Yredelemnul
The Shining One

Shops:
D:3 [


Innate Abilities, Weirdness & Mutations

You are immune to sickness and miasma.
Your stone body is resilient. (AC +4)
You are immune to poison.
You resist negative energy. (rN+)
You are resistant to electric shocks. (rElec)
You are resistant to unholy torment.
You are immune to petrification.


Message History

The water moccasin zombie is heavily damaged.
The water moccasin zombie completely misses you.
The water moccasin zombie bites you but does no damage.
You hit the water moccasin zombie.
The water moccasin zombie is severely damaged.
The water moccasin zombie barely misses you.
You hit the water moccasin zombie.
The water moccasin zombie is severely damaged.
The water moccasin zombie bites you but does no damage.
The orc priest invokes the aid of Beogh against you.
Beogh smites you!
* * * LOW HITPOINT WARNING * * *
The water moccasin zombie bites you but does no damage.
It was a potion of experience.
You feel more experienced!
Your Axes skill gained 5 levels and is now at level 9!
Your Shields skill gained 7 levels and is now at level 10!
You have reached level 7!
You block the water moccasin zombie's attack.
The orc priest begins to cast a cantrip, but forgets the words!
It was a potion of magic.
Magic courses through your body.
The water moccasin zombie bites you but does no damage.
You slash the water moccasin zombie!
The water moccasin zombie is almost destroyed.
The water moccasin zombie bites you but does no damage.
You hit the water moccasin zombie.
The water moccasin zombie is almost destroyed.
The water moccasin zombie bites you but does no damage.
You slash the water moccasin zombie!
You destroy the water moccasin zombie!
You slash the orc priest!
The orc priest is almost dead.
You block the orc priest's attack.
You barely miss the orc priest.
The orc priest is almost dead.
The orc priest hits you but does no damage.
You closely miss the orc priest.
The orc priest is almost dead.
The orc priest hits you with a +0 whip.
You die...

..# ##
#... #.
#...##.
#.....
#.....
#....##
#....#
#...o##
#..##@#
#..#
#.#
#..#
###
..(.
... ..


You could see an orc priest.

Vanquished Creatures
  Sigmund (D:3)
  A water moccasin zombie (D:6)
  An orc wizard (D:6)
  3 adders (D:2)
  2 orcs (D:6)
  2 ball pythons
  5 endoplasms
  3 giant cockroaches
  6 goblins
  4 hobgoblins (D:1)
  7 jackals
  6 quokkas
  4 bats
  4 frilled lizards
  7 kobolds
  5 rats
61 creatures vanquished.

Notes
Turn   | Place    | Note
-------+----------+-------------------------------------------
     0 | D:1      | bande the Gargoyle Fighter began the quest for the Orb.
     0 | D:1      | Reached XP level 1. HP: 14/14 MP: 1/1
    59 | D:1      | Reached XP level 2. HP: 19/19 MP: 2/2
   326 | D:1      | Reached XP level 3. HP: 17/23 MP: 3/3
  1258 | D:2      | Found a glowing golden altar of the Shining One.
  1379 | D:2      | Reached XP level 4. HP: 27/29 MP: 4/4
  2097 | D:2      | Found a faded altar of an unknown god.
  2403 | D:3      | Found Beczul's Antique Armour Emporium.
  2408 | D:3      | Noticed Sigmund
  2418 | D:3      | Killed Sigmund
  2419 | D:3      | Reached XP level 5. HP: 24/33 MP: 5/5
  2419 | D:3      | Reached XP level 6. HP: 27/38 MP: 6/6
  2549 | D:3      | Found a basalt altar of Yredelemnul.
  2549 | D:3      | You fall into a shaft and drop 3 floors!
  2576 | D:6      | HP: 1/38 [orc priest/divine providence (9)]
  2577 | D:6      | Reached skill level 10 in Shields
  2577 | D:6      | Reached XP level 7. HP: 1/43 MP: 7/7
  2584 | D:6      | Slain by an orc priest

Illustrated notes

Levels and vault maps discovered:
D:1:      dpeg_arrival_concentric_ovals, layout_loops_ring
D:2:      layout_rooms, basic_altar, serial_co_window_serial,
          co_window_of_opportunity_a, co_window_paths_b, co_window_corner_a,
          co_window_paths_a, co_window_paths_a, co_window_broadway_c,
          co_window_unsneaky_path_c, co_window_corner_cb, co_window_4corner_a,
          co_window_4corner_b, glass_columns_b, glass_columns_a,
          glass_columns_b, glass_columns_b, glass_columns_c,
          shapermc_ecumenical_altar_mp_ritualfount, minmay_cut_off
D:3:      layout_basic, amcnicky_altar_gilded, serial_shops,
          nicolae_shop_waterfront, uniq_sigmund
D:6:      layout_layer_cave, serial_shops, shop, kennysheep_small_circle

Skill      XL: |  1  2  3  4  5  6 |
---------------+-------------------+-----
Axes           | 2 4 9 |  9.5
Fighting       | 4 |  4.1
Armour         | 4 |  4.3
Shields        | 10 | 10.5

Action                   |  1- 3 |  4- 6 |  7- 9 || total
-------------------------+-------+-------+-------++-------
Melee: War axe           |    99 |    66 |     6 ||   171
  Use: Potion            |       |     2 |     1 ||     3
       Scroll            |       |     1 |       ||     1
 Stab: Distracted        |       |     1 |       ||     1
Armor: Scale mail        |    65 |    34 |     4 ||   103
Dodge: Dodged            |    67 |    28 |       ||    95
Block: Buckler           |    22 |    17 |     2 ||    41

Table legend: (Time is in decaauts)
 A = Elapsed time spent in this place.
 B = Non-inter-level travel time spent in this place.
 C = Inter-level travel time spent in this place.
 D = Time resting spent in this place.
 E = Time spent auto-exploring this place.
 F = Levels seen in this place.
 G = Mean time per level.
                   A        B        C        D        E       F      G
               +--------+--------+--------+--------+--------+-----+--------+
         Total |   2645 |   2603 |     42 |    352 |   1742 |   4 |  661.2 |
       Dungeon |   2645 |   2603 |     42 |    352 |   1742 |   4 |  661.2 |
               +--------+--------+--------+--------+--------+-----+--------+

Top non-repeatable levels by time:
     D:1: 1270 daAuts
     D:2: 1187 daAuts
     D:3: 147 daAuts
     D:6: 39 daAuts
